 Dungeon Crawl Stone Soup version 0.21.1-1-g345015f (webtiles) character file.

1367 tidbits the Grave Robber (level 8, 58/58 HPs)
             Began as a Gnoll Necromancer on June 15, 2018.
             Quit the game on level 4 of the Dungeon.
             The game lasted 00:14:38 (1587 turns).

tidbits the Grave Robber (Gnoll Necromancer)        Turns: 1587, Time: 00:14:39

Health: 58/58      AC:  9    Str: 11    XL:     8   Next: 65%
Magic:  13/17      EV: 15    Int: 20    God:
Gold:   109        SH:  0    Dex: 15    Spells: 6/19 levels left

rFire    . . .     SeeInvis .   b - +1 rapier
rCold    . . .     Gourm    .   (no shield)
rNeg     . . .     Faith    .   B - +2 robe {MR+}
rPois    .         Spirit   .   (no helmet)
rElec    .         Reflect  .   (no cloak)
rCorr    .         Harm     .   (no gloves)
MR       +....                  (no boots)
Stlth    ++........             (no amulet)
HPRegen  0.19/turn              U - +5 ring of protection
MPRegen  0.15/turn              w - ring of loudness (curse)

@: no status effects
A: distributed training, fangs 1, strong nose
a: no special abilities


You were on level 4 of the Dungeon.
You were not hungry.

You visited 1 branch of the dungeon, and saw 7 of its levels.

You collected 109 gold pieces.

Inventory:

Hand Weapons
 b - a +1 rapier (weapon)
 e - a +0 halberd
 f - a +0 dagger
 i - a +0 short sword
 o - a +0 flail
Missiles
 d - 2 tomahawks of returning (quivered)
 k - 35 stones
 q - 75 arrows
 z - 3 tomahawks
Armour
 a - a +1 robe
 l - a +2 large shield
 B - a +2 robe of magic resistance (worn)
   (You took it off an orc wizard on level 7 of the Dungeon)
 D - a +2 ring mail of poison resistance
   (You found it on level 5 of the Dungeon)
Jewellery
 w - a cursed ring of loudness (right hand)
   (You found it on level 6 of the Dungeon)
 U - a +5 ring of protection (left hand)
   (You found it on level 5 of the Dungeon)
Wands
 h - a wand of polymorph (14)
 t - a wand of clouds (4)
 y - a wand of enslavement (3)
 E - a wand of paralysis (16)
Scrolls
 g - 3 scrolls of enchant armour
 j - a scroll of amnesia
 m - 2 scrolls of teleportation
 p - 4 scrolls of remove curse {unknown}
 r - a scroll of fear
 s - 2 scrolls of enchant weapon
 C - a scroll of fog {unknown}
Potions
 n - a potion of curing {unknown}
 u - 2 potions of ambrosia
 v - 2 potions of heal wounds {unknown}
 A - a potion of berserk rage
Books
 x - a book of Necromancy

   Spells                             Type                      Level
   a - Pain                           Necromancy                   1
   b - Animate Skeleton               Necromancy                   1
   c - Vampiric Draining              Necromancy                   3
   d - Regeneration                   Charms/Necromancy            3
   e - Animate Dead                   Necromancy                   4
   f - Borgnjor's Vile Clutch         Necromancy/Earth             5
Comestibles
 c - 6 rations


   Skills:
 + Level 3.4 Fighting
 + Level 3.4 Short Blades
 + Level 3.4 Long Blades
 + Level 3.4 Axes
 + Level 3.4 Maces & Flails
 + Level 3.4 Polearms
 + Level 3.4 Staves
 + Level 3.4 Slings
 + Level 3.4 Bows
 + Level 3.4 Crossbows
 + Level 3.4 Throwing
 + Level 3.4 Armour
 + Level 5.7 Dodging
 + Level 5.4 Stealth
 + Level 3.4 Shields
 + Level 3.4 Unarmed Combat
 + Level 6.1 Spellcasting
 + Level 2.7 Conjurations
 + Level 2.7 Hexes
 + Level 2.7 Charms
 + Level 2.7 Summonings
 + Level 7.7 Necromancy
 + Level 2.7 Translocations
 + Level 2.7 Transmutations
 + Level 2.7 Fire Magic
 + Level 2.7 Ice Magic
 + Level 2.7 Air Magic
 + Level 2.7 Earth Magic
 + Level 2.7 Poison Magic
 + Level 3.7 Invocations
 + Level 3.4 Evocations


You had 6 spell levels left.
You knew the following spells:

 Your Spells              Type           Power        Failure   Level  Hunger
a - Pain                  Necr           ####         1%          1    None
d - Vampiric Draining     Necr           #####.....   1%          3    ##.....
n - Animate Skeleton      Necr           N/A          1%          1    None
r - Regeneration          Chrm/Necr      ####......   3%          3    ##.....
v - Borgnjor's Vile Clut  Necr/Erth      ####......   32%         5    #####..


Dungeon Overview and Level Annotations

Branches:
Dungeon (7/15)
 Temple: D:4-7

Altars:
Dithmenos
Fedhas
Kikubaaqudgha
Okawaru
Trog
Wu Jian
Yredelemnul

Shops:
D:5 }   D:7 *

Annotations:
D:7 Menkaure


Innate Abilities, Weirdness & Mutations

Your experience applies equally to all skills.
You have very sharp teeth.
Your uncanny sense of smell can sniff out nearby items.


Message History

v - 2 pink potions (gained 1)
Casting: Pain
Confirm with . or Enter, or press ? or * to list all spells.
Aiming: Pain
Press: ? - help, Shift-Dir - straight line, f - worker ant
Aim: a worker ant (resting, chance to defeat MR: 89%)
The worker ant writhes in agony!
Casting: Pain
Confirm with . or Enter, or press ? or * to list all spells.
Aiming: Pain
Press: ? - help, Shift-Dir - straight line, f/p - worker ant
Aim: a worker ant (moderately wounded, chance to defeat MR: 89%)
The worker ant writhes in agony!
Casting: Pain
Confirm with . or Enter, or press ? or * to list all spells.
Aiming: Pain
Press: ? - help, Shift-Dir - straight line, f/p - worker ant
Aim: a worker ant (moderately wounded, chance to defeat MR: 89%)
The worker ant writhes in agony!
You hit the worker ant but do no damage.
The worker ant is severely wounded.
The worker ant misses you.
Casting: Pain
Confirm with . or Enter, or press ? or * to list all spells.
Aiming: Pain
Press: ? - help, Shift-Dir - straight line, f/p - worker ant
Aim: a worker ant (severely wounded, chance to defeat MR: 89%)
The worker ant barely resists.
The worker ant misses you.
Casting: Pain
Confirm with . or Enter, or press ? or * to list all spells.
Aiming: Pain
Press: ? - help, Shift-Dir - straight line, f/p - worker ant
Aim: a worker ant (severely wounded, chance to defeat MR: 89%)
The worker ant writhes in agony!
The worker ant closely misses you.
The worker ant bites you but does no damage.
Casting: Pain
Confirm with . or Enter, or press ? or * to list all spells.
Aiming: Pain
Press: ? - help, Shift-Dir - straight line, f/p - worker ant
Aim: a worker ant (severely wounded, chance to defeat MR: 89%)
The worker ant writhes in agony!
The worker ant misses you.
Casting: Pain
Confirm with . or Enter, or press ? or * to list all spells.
Aiming: Pain
Press: ? - help, Shift-Dir - straight line, f/p - worker ant
Aim: a worker ant (almost dead, chance to defeat MR: 89%)
The worker ant barely resists.
The worker ant closely misses you.
Casting: Pain
Confirm with . or Enter, or press ? or * to list all spells.
Aiming: Pain
Press: ? - help, Shift-Dir - straight line, f/p - worker ant
Aim: a worker ant (almost dead, chance to defeat MR: 89%)
The worker ant writhes in agony!
You kill the worker ant!
Casting: Pain
Confirm with . or Enter, or press ? or * to list all spells.
Your skin crawls.
You see here a worker ant corpse.
You butcher the worker ant corpse.
You see here 3 chunks of flesh.
Eat one of 3 chunks of flesh? (ye/n/q)
You eat one of the 3 chunks of flesh.
This raw flesh tastes terrible.
Found an ornate altar of the Wu Jian Council and a bloodstained altar of Trog.
Your skin is crawling a little less now.
There is a stone staircase leading down, spattered with blood here.
Your skin stops crawling.
There is a stone staircase leading down, spattered with blood here.
Unknown command.
You open the door.
A worker ant comes into view.
There is an open door here.
Unknown command.
The helpless worker ant fails to defend itself.
You puncture the worker ant!
You kill the worker ant!
A frilled lizard comes into view.
There is an escape hatch in the ceiling here.
Unknown command.
The frilled lizard hisses angrily.
The frilled lizard barely misses you.
You miss the frilled lizard. The frilled lizard barely misses you.
You puncture the frilled lizard!
You kill the frilled lizard!
The quokka bites you but does no damage.
The quokka bites you but does no damage.
Casting: Regeneration
Confirm with . or Enter, or press ? or * to list all spells.
Aiming: Pain
Press: ? - help, Shift-Dir - straight line, f - quokka
Aim: a quokka (chance to defeat MR: 93%)
The quokka writhes in agony!
The quokka misses you.
Casting: Pain
Confirm with . or Enter, or press ? or * to list all spells.
Aiming: Pain
Press: ? - help, Shift-Dir - straight line, f/p - quokka
Aim: a quokka (almost dead, chance to defeat MR: 93%)
The quokka writhes in agony!
You kill the quokka!
Found a hunting sling.
Are you sure you want to abandon this character and quit the game? (Confirm with "yes".)

##....#..# #...
.........#......
######..##....#
#.......>..Z..#
.........#......
.........# ##.#####
.........# #.....# #
.........#
##.....#.#...
.........#
#....@.......
.........#
#.#......####
.........#
#.#....###
.........+ #....).#
.........###......#
####...............#
...#(.......########
>..#........#
............#


You could see an adder skeleton (dormant).

Vanquished Creatures
  The ghost of tidbits the Grave Robber, a novice GnNe (D:6)
  Prince Ribbit (D:7)
  2 ogres
  A crocodile (D:6)
  A bullfrog (D:6)
  A gnoll sergeant (D:7)
  A hound (D:4)
  2 jellies
  A bullfrog skeleton (D:5)
  An orc wizard (D:7)
  An iguana (D:4)
  5 worker ants
  A howler monkey zombie (D:7)
  2 adders
  5 gnolls
  3 shadow imps (D:5)
  An ooze (D:2)
  2 worms
  6 leopard geckos
  4 orcs (D:7)
  5 bats
  4 giant cockroaches
  3 goblins
  4 hobgoblins
  2 jackals (D:2)
  3 kobolds
  A quokka (D:4)
  3 frilled lizards
  A leopard gecko skeleton (D:5)
  A rat (D:2)
69 creatures vanquished.

Vanquished Creatures (collateral kills)
  An orc wizard (D:7)
  A worker ant zombie (D:7)
  A shadow imp (D:7)
  A giant cockroach (D:7)
4 creatures vanquished.

Grand Total: 73 creatures vanquished

Notes
Turn   | Place    | Note
-------+----------+-------------------------------------------
     0 | D:1      | tidbits the Gnoll Necromancer began the quest for the Orb.
     0 | D:1      | Reached XP level 1. HP: 13/13 MP: 6/6
    54 | D:1      | Reached XP level 2. HP: 15/19 MP: 3/7
    57 | D:1      | Learned a level 1 spell: Animate Skeleton
   171 | D:2      | Found a blossoming altar of Fedhas.
   222 | D:2      | Reached XP level 3. HP: 10/25 MP: 1/9
   228 | D:2      | Learned a level 3 spell: Vampiric Draining
   232 | D:2      | Learned a level 3 spell: Regeneration
   259 | D:2      | Reached skill level 5 in Spellcasting
   425 | D:2      | Reached skill level 1 in Invocations
   429 | D:2      | Reached skill level 1 in Fighting
   429 | D:2      | Reached skill level 1 in Short Blades
   429 | D:2      | Reached skill level 1 in Long Blades
   429 | D:2      | Reached skill level 1 in Axes
   429 | D:2      | Reached skill level 1 in Maces & Flails
   429 | D:2      | Reached skill level 1 in Polearms
   429 | D:2      | Reached skill level 1 in Staves
   429 | D:2      | Reached skill level 1 in Slings
   429 | D:2      | Reached skill level 1 in Bows
   429 | D:2      | Reached skill level 1 in Crossbows
   429 | D:2      | Reached skill level 1 in Throwing
   429 | D:2      | Reached skill level 1 in Armour
   429 | D:2      | Reached skill level 1 in Shields
   429 | D:2      | Reached skill level 1 in Unarmed Combat
   429 | D:2      | Reached skill level 1 in Evocations
   429 | D:2      | Reached XP level 4. HP: 21/32 MP: 4/11
   569 | D:3      | Reached skill level 1 in Conjurations
   569 | D:3      | Reached skill level 1 in Hexes
   569 | D:3      | Reached skill level 1 in Charms
   569 | D:3      | Reached skill level 1 in Summonings
   569 | D:3      | Reached skill level 1 in Translocations
   569 | D:3      | Reached skill level 1 in Transmutations
   569 | D:3      | Reached skill level 1 in Fire Magic
   569 | D:3      | Reached skill level 1 in Ice Magic
   569 | D:3      | Reached skill level 1 in Air Magic
   569 | D:3      | Reached skill level 1 in Earth Magic
   569 | D:3      | Reached skill level 1 in Poison Magic
   645 | D:5      | Entered Level 5 of the Dungeon
   706 | D:5      | Found a basalt altar of Yredelemnul.
   776 | D:7      | Noticed an ogre
   780 | D:7      | Noticed Prince Ribbit
   800 | D:7      | Killed Prince Ribbit
   800 | D:7      | Reached skill level 5 in Dodging
   800 | D:7      | Reached skill level 2 in Invocations
   800 | D:7      | Reached XP level 5. HP: 18/38 MP: 3/12
   800 | D:7      | Reached XP level 6. HP: 21/44 MP: 3/14
   805 | D:7      | Reached skill level 2 in Fighting
   805 | D:7      | Reached skill level 2 in Short Blades
   805 | D:7      | Reached skill level 2 in Long Blades
   805 | D:7      | Reached skill level 2 in Axes
   805 | D:7      | Reached skill level 2 in Maces & Flails
   805 | D:7      | Reached skill level 2 in Polearms
   805 | D:7      | Reached skill level 2 in Staves
   805 | D:7      | Reached skill level 2 in Slings
   805 | D:7      | Reached skill level 2 in Bows
   805 | D:7      | Reached skill level 2 in Crossbows
   805 | D:7      | Reached skill level 2 in Throwing
   805 | D:7      | Reached skill level 2 in Armour
   805 | D:7      | Reached skill level 2 in Shields
   805 | D:7      | Reached skill level 2 in Unarmed Combat
   805 | D:7      | Reached skill level 2 in Evocations
   807 | D:7      | Noticed an orc warrior
   853 | D:6      | Found a shadowy altar of Dithmenos.
   859 | D:6      | Noticed tidbits's ghost (novice GnNe)
   876 | D:7      | Noticed a phantom
   889 | D:7      | Found Wyutz's General Store.
   949 | D:7      | Reached XP level 7. HP: 41/50 MP: 6/15
  1086 | D:7      | Noticed a hog
  1101 | D:7      | Reached skill level 2 in Conjurations
  1101 | D:7      | Reached skill level 2 in Hexes
  1101 | D:7      | Reached skill level 2 in Charms
  1101 | D:7      | Reached skill level 2 in Summonings
  1101 | D:7      | Reached skill level 2 in Translocations
  1101 | D:7      | Reached skill level 2 in Transmutations
  1101 | D:7      | Reached skill level 2 in Fire Magic
  1101 | D:7      | Reached skill level 2 in Ice Magic
  1101 | D:7      | Reached skill level 2 in Air Magic
  1101 | D:7      | Reached skill level 2 in Earth Magic
  1101 | D:7      | Reached skill level 2 in Poison Magic
  1132 | D:7      | Noticed Menkaure
  1214 | D:6      | Reached skill level 5 in Stealth
  1214 | D:6      | Reached skill level 3 in Invocations
  1232 | D:6      | Killed tidbits's ghost
  1232 | D:6      | Reached skill level 3 in Fighting
  1232 | D:6      | Reached skill level 3 in Short Blades
  1232 | D:6      | Reached skill level 3 in Long Blades
  1232 | D:6      | Reached skill level 3 in Axes
  1232 | D:6      | Reached skill level 3 in Maces & Flails
  1232 | D:6      | Reached skill level 3 in Polearms
  1232 | D:6      | Reached skill level 3 in Staves
  1232 | D:6      | Reached skill level 3 in Slings
  1232 | D:6      | Reached skill level 3 in Bows
  1232 | D:6      | Reached skill level 3 in Crossbows
  1232 | D:6      | Reached skill level 3 in Throwing
  1232 | D:6      | Reached skill level 3 in Armour
  1232 | D:6      | Reached skill level 3 in Shields
  1232 | D:6      | Reached skill level 3 in Unarmed Combat
  1232 | D:6      | Reached skill level 6 in Spellcasting
  1232 | D:6      | Reached skill level 3 in Evocations
  1232 | D:6      | Reached XP level 8. HP: 51/58 MP: 15/17
  1307 | D:5      | Learned a level 5 spell: Borgnjor's Vile Clutch
  1492 | D:5      | Found Gadeffaa's Gadget Boutique.
  1514 | D:4      | Found an ancient bone altar of Kikubaaqudgha.
  1514 | D:4      | Found an iron altar of Okawaru.
  1531 | D:4      | Found an ornate altar of the Wu Jian Council.
  1531 | D:4      | Found a bloodstained altar of Trog.
  1587 | D:4      | Quit the game

Skill      XL: |  1  2  3  4  5  6  7 |
---------------+----------------------+-----
Spellcasting   | 5 6 |  6.1
Invocations    | 1 2 3 |  3.7
Fighting       | 1 2 3 |  3.4
Short Blades   | 1 2 3 |  3.4
Long Blades    | 1 2 3 |  3.4
Axes           | 1 2 3 |  3.4
Maces & Flails | 1 2 3 |  3.4
Polearms       | 1 2 3 |  3.4
Staves         | 1 2 3 |  3.4
Slings         | 1 2 3 |  3.4
Bows           | 1 2 3 |  3.4
Crossbows      | 1 2 3 |  3.4
Throwing       | 1 2 3 |  3.4
Armour         | 1 2 3 |  3.4
Shields        | 1 2 3 |  3.4
Unarmed Combat | 1 2 3 |  3.4
Evocations     | 1 2 3 |  3.4
Conjurations   | 1 2 |  2.7
Hexes          | 1 2 |  2.7
Charms         | 1 2 |  2.7
Summonings     | 1 2 |  2.7
Translocations | 1 2 |  2.7
Transmutations | 1 2 |  2.7
Fire Magic     | 1 2 |  2.7
Ice Magic      | 1 2 |  2.7
Air Magic      | 1 2 |  2.7
Earth Magic    | 1 2 |  2.7
Poison Magic   | 1 2 |  2.7
Dodging        | 5 |  5.7
Stealth        | 5 |  5.4
Necromancy     | |  7.7

Action                   |  1- 3 |  4- 6 |  7- 9 || total
-------------------------+-------+-------+-------++-------
Melee: Dagger            |     7 |    14 |       ||    21
       Rapier            |       |    10 |    81 ||    91
       Punch             |       |     1 |     2 ||     3
       Bite              |       |     1 |     7 ||     8
 Cast: Pain              |    28 |    31 |    52 ||   111
       Vampiric Draining |       |     2 |     2 ||     4
       Regeneration      |       |     3 |     4 ||     7
       Animate Skeleton  |       |       |     1 ||     1
Evoke: Wand              |       |     3 |     4 ||     7
  Use: Scroll            |     3 |     3 |     2 ||     8
       Potion            |     1 |     4 |     1 ||     6
 Stab: Sleeping          |     1 |     3 |     3 ||     7
       Distracted        |       |       |     1 ||     1
       Paralysed         |       |       |     2 ||     2
  Eat: Chunk             |       |       |     3 ||     3
Armor: Robe              |     1 |     3 |    26 ||    30
Dodge: Dodged            |     7 |    23 |    71 ||   101

Table legend:
 A = Turns spent in this place as a percentage of turns spent in the entire game.
 B = Non-inter-level travel turns spent in this place as a percentage of non-inter-level travel turns spent in the entire game.
 C = Inter-level travel turns spent in this place as a percentage of turns spent in this place.
 D = Turns resting spent in this place as a percentage of non-inter-level travel turns spent in this place.
 E = Turns spent auto-exploring this place as a percentage of non-inter-level travel turns spent in this place.
 F = Non-inter-level travel turns spent in this place divided by the number of levels of this place that you've seen.
                   A       B       C       D       E      F
               +-------+-------+-------+-------+-------+----------------------
         Total | 100.0 | 100.0 |   2.5 |   0.0 |   0.0 | 221.0
       Dungeon | 100.0 | 100.0 |   2.5 |   0.0 |   0.0 | 221.0
               +-------+-------+-------+-------+-------+----------------------

Table legend:
 A = Kills in this place as a percentage of kills in entire the game.
 B = Kills by you in this place as a percentage of kills by you in the entire game.
 C = Kills by friends in this place as a percentage of kills by friends in the entire game.
 D = Other kills in this place as a percentage of other kills in the entire game.
 E = Experience gained in this place as a percentage of experience gained in the entire game.
 F = Experience gained in this place divided by the number of levels of this place that you have seen.
                   A       B       C       D       E      F
               +-------+-------+-------+-------+-------+----------------------
         Total | 100.0 | 100.0 | 100.0 |   N/A | 100.0 | 279.0
       Dungeon | 100.0 | 100.0 | 100.0 |   N/A | 100.0 | 279.0
               +-------+-------+-------+-------+-------+----------------------

Vault maps used:
D:1:      sevenhm_arrival_forest_fort_small_4
D:2:      nicolae_overflow_hidden_temple
D:3:      first_ration, grunt_decor_cap
D:4:      grunt_temple_overflow_open, marbit_many_paths
D:5:      serial_shops, shop, basic_altar, patterned_corridor
D:6:      basic_altar
D:7:      kennysheep_little_box, minmay_temple_entry_glassed_door, serial_shops,
          shop, nicolae_shop_waterfront, grunt_livestock, uniq_prince_ribbit1,
          uniq_menkaure, uniq_crazy_yiuf_cottage
